 Dungeon Crawl Stone Soup version 0.24-a0-520-g8fd06ad0bc (webtiles) character file.

Game seed: 6636343182846715142

116 Iscandelvey the Vexing (level 4, -3/32 HPs)
             Began as a Demonspawn Arcane Marksman on July 25, 2019.
             Killed by divine providence
             ... invoked by an orc priest
              (16 damage)
             ... on level 3 of the Dungeon on July 26, 2019.
             The game lasted 00:08:10 (2056 turns).

Iscandelvey the Vexing (Demonspawn Arcane Marksman) Turns: 2056, Time: 00:08:11

Health: -3/32      AC:  5    Str: 10    XL:     4   Next: 69%
Magic:  7/7        EV: 12    Int: 16    God:
Gold:   149        SH:  0    Dex: 13    Spells: 4/7 levels left

rFire    . . .     SeeInvis .   a - +0 hunting sling
rCold    . . .     Gourm    .   (no shield)
rNeg     . . .     Faith    .   i - +0 leather armour
rPois    .         Spirit   .   (helmet restricted)
rElec    .         Reflect  .   p - +0 cloak
rCorr    .         Harm     .   (no gloves)
MR       .....                  (no boots)
Stlth    +.........             (no amulet)
HPRegen  0.10/turn              (no ring)
MPRegen  0.10/turn              (no ring)

@: no status effects
A: horns 1, rugged brown scales 1, powered by death 1
a: no special abilities


You were on level 3 of the Dungeon.
You were not hungry.

You visited 1 branch of the dungeon, and saw 3 of its levels.

You collected 149 gold pieces.

Inventory:

Hand Weapons
 a - a +0 hunting sling (weapon)
 g - a +0 club
Missiles
 d - 8 sling bullets
 n - 15 stones (quivered)
 s - 17 bolts
Armour
 e - a +0 robe
 i - a +0 leather armour (worn)
 p - a +0 cloak (worn)
Jewellery
 t - an uncursed ring of wizardry {unknown}
 v - a cursed ring of teleportation {unknown}
Scrolls
 c - 2 scrolls of identify {unknown}
 h - 2 scrolls of enchant weapon {unknown}
 j - a scroll of random uselessness {unknown}
 m - a scroll of magic mapping {unknown}
 o - 2 scrolls of fog {unknown}
 q - a scroll of amnesia {unknown}
 r - a scroll of fear {unknown}
Potions
 b - 3 potions of curing
 k - a potion of brilliance {unknown}
 l - a potion of degeneration {unknown}
Comestibles
 f - 3 rations


   Skills:
 + Level 1.5 Fighting
 - Level 2.1(2.3) Slings
 * Level 1.5(2.1) Throwing
 + Level 2.2 Dodging
 * Level 2.0 Spellcasting
 * Level 3.9 Hexes


You had 4 spell levels left.
You knew the following spells:

 Your Spells              Type           Power        Failure   Level  Hunger
a - Corona                Hex            ##.....      5%          1    #......
b - Slow                  Hex            ##......     9%          2    ###....

Your spell library contained the following spells:

 Spells                   Type           Power        Failure   Level  Hunger
 Inner Flame              Hex/Fire       #.......     36%         3    ###....
 Portal Projectile        Hex/Tloc       #.....       36%         3    ###....
 Cause Fear               Hex            ##........   50%         4    #####..
 Leda's Liquefaction      Hex/Erth       #.........   77%         4    #####..


Dungeon Overview and Level Annotations

Branches:
Dungeon (3/15)

Altars:


Innate Abilities, Weirdness & Mutations

You have a pair of small horns on your head.
You are partially covered in rugged brown scales. (AC +1, +3% HP)
You regenerate a little health from kills.


Message History

You shoot a stone. The stone barely misses the orc priest.
The orc priest hits the bush with a +0 club.
Firing (i - inventory. (/) - cycle)
n - 17 stones (quivered)
Press: ? - help, Shift-Dir - straight line, f/p - orc priest
Aim: an orc priest, wielding a +0 club and wearing a +0 leather armour (lightly wounded)
You shoot a stone.
The stone hits the orc priest but does no damage.
The orc priest is lightly wounded.
The orc priest hits the bush but does no damage.
Firing (i - inventory. (/) - cycle)
n - 16 stones (quivered)
Press: ? - help, Shift-Dir - straight line, f/p - orc priest
Aim: an orc priest, wielding a +0 club and wearing a +0 leather armour (lightly wounded)
You shoot a stone. The stone hits the orc priest.
The orc priest is heavily wounded.
The orc priest invokes the aid of Beogh against you.
Beogh smites you!
The orc priest invokes the aid of Beogh against you.
Beogh smites you!
Ouch! That really hurt!
You die... #######..P...P.(...P #..P(PPPPP.P.P #..P(P...P.P.P #..P(P.P.PPP.P ##.P.(oP.P...P #.PPPPP.PPP.P# #.P.........P# #.PPP.PPPPPPP#

#.###@####...##
#.###((((.....#
#......#.....##
#####.....#.##
#(........>.o..
##...######..oo
##### .o


You could see an orc priest.

Vanquished Creatures
  A hound (D:2)
  A worker ant (D:2)
  An adder (D:2)
  A dart slug (D:1)
  A leopard gecko (D:3)
  3 orcs (D:3)
  2 giant cockroaches (D:2)
  7 hobgoblins
  4 jackals (D:1)
  2 kobolds
  2 quokkas
  7 bats
  5 goblins
  7 rats
44 creatures vanquished.

Notes
Turn   | Place    | Note
-------+----------+-------------------------------------------
     0 | D:1      | Iscandelvey the Demonspawn Arcane Marksman began the quest
                  | for the Orb.
     0 | D:1      | Reached XP level 1. HP: 15/15 MP: 2/2
   118 | D:1      | Gained mutation: You regenerate a little health from kills.
                  | [demonic ancestry]
   118 | D:1      | Reached XP level 2. HP: 21/21 MP: 3/3
   269 | D:1      | Learned a level 2 spell: Slow
   827 | D:2      | Gained mutation: You are partially covered in rugged brown
                  | scales. (AC +1, +3% HP) [demonic ancestry]
   827 | D:2      | Reached XP level 3. HP: 21/26 MP: 4/4
   895 | D:2      | Reached skill level 1 in Throwing
  1085 | D:2      | Gained mutation: You have a pair of small horns on your
                  | head. [demonic ancestry]
  1085 | D:2      | Reached XP level 4. HP: 6/32 MP: 0/6
  2056 | D:3      | Killed from afar by an orc priest

Levels and vault maps discovered:
D:1:      zaba_arrival_water, layout_loops_ring, minmay_misc_feat_cross,
          hex_medium, minmay_misc_feat_plants
D:2:      layout_loops_ring, first_ration
D:3:      layout_loops_corners, old_standard_altar, minmay_hedge_maze

Skill      XL: |  1  2  3  4 |
---------------+-------------+-----
Slings         | 2 |  2.1
Dodging        | 2 |  2.2
Throwing       | 1 |  1.5
Spellcasting   | 2 |  2.0
Fighting       | |  1.5
Hexes          | |  3.9

Action                   |  1- 3 |  4- 6 || total
-------------------------+-------+-------++-------
 Fire: Hunting sling     |   116 |    59 ||   175
 Cast: Slow              |     5 |     3 ||     8
       Corona            |     1 |     2 ||     3
  Use: Potion            |       |     1 ||     1
  Eat: Chunk             |       |     4 ||     4
Armor: Robe              |     3 |       ||     3
       Leather armour    |    11 |     3 ||    14
Dodge: Dodged            |    38 |    15 ||    53

Table legend:
 A = Non-vault XP
 B = Vault XP
 C = Vault XP percentage of total XP
 D = Non-vault monster count
 E = Vault monster count
 F = Vault count percentage of total count
                 A         B        C        D         E       F
            +---------+---------+-------+---------+---------+-------
      Total |     166 |       0 |   0.0 |      44 |       0 |   0.0
            +---------+---------+-------+---------+---------+-------
        D:1 |      38 |       0 |   0.0 |      23 |       0 |   0.0
        D:2 |     110 |       0 |   0.0 |      14 |       0 |   0.0
        D:3 |      18 |       0 |   0.0 |       7 |       0 |   0.0
            +---------+---------+-------+---------+---------+-------
